 Dungeon Crawl Stone Soup version 0.28-a0-1638-g9123634e07 (webtiles) character file.

Game seed: 18423166198084579473

63 a3don the Digger (level 3, -6/33 HPs)
             Began as a Troll Earth Elementalist on Jan 26, 2022.
             Mangled by Sigmund (8 damage)
             ... on level 2 of the Dungeon.
             The game lasted 00:01:36 (721 turns).

a3don the Digger (Troll Earth Elementalist)          Turns: 721, Time: 00:01:37

Health: -6/33      AC:  4    Str: 16    XL:     3   Next: 89%
Magic:  3/3        EV: 10    Int: 13    God:
Gold:   38         SH:  0    Dex: 10    Spells: 3/4 levels left

rFire   . . .      SeeInvis .     - Unarmed
rCold   + . .      Faith    .   (no shield)
rNeg    + . .      Spirit   .   b - +0 robe
rPois   .          Reflect  .   (helmet restricted)
rElec   .          Harm     .   (no cloak)
rCorr   .          Rampage  .   (gloves unavailable)
Will    .....                   (boots unavailable)
Stlth   +.........              (no amulet)
HPRegen 0.91/turn               a - ring of protection from cold
MPRegen 0.08/turn               g - ring of positive energy

@: no status effects
A: large, unfitting armour, claws 3, regeneration 1, shaggy fur 1, tough skin 1
a: no special abilities


You were on level 2 of the Dungeon.
You visited 1 branch of the dungeon, and saw 2 of its levels.

You collected 38 gold pieces.

Inventory:

Missiles
 c - 90 stones
Armour
 b - a +0 robe (worn)
Jewellery
 a - a ring of protection from cold (left claw)
 g - a ring of positive energy (right claw)
Scrolls
 f - a scroll of identify {unknown}
Potions
 d - a potion of cancellation {unknown}
 e - a potion of heal wounds {unknown}


   Skills:
 + Level 1.4 Fighting
 + Level 2.3 Dodging
 - Level 1.0 Stealth
 + Level 1.9 Unarmed Combat
 - Level 1.2 Spellcasting
 - Level 0.6 Transmutations
 - Level 2.6 Earth Magic


You had 3 spell levels left.
You knew the following spells:

 Your Spells              Type           Power      Damage    Failure   Level
a - Sandblast             Erth           14%        2d6       9%          1

Your spell library contained the following spells:

 Spells                   Type           Power      Damage    Failure   Level
 Passwall                 Tmut/Erth      4%         N/A       22%         2
 Stone Arrow              Conj/Erth      8%         3d7       43%         3
 Petrify                  Tmut/Erth      5%         N/A       80%         4


Dungeon Overview and Level Annotations

Branches:
Dungeon (2/15)

Altars:

Annotations:
D:2 Sigmund


Innate Abilities, Weirdness & Mutations

You are too large for most types of armour.
You have claws for hands.
Your natural rate of healing is unusually fast.
You are covered in fur. (AC +1)
You have tough skin. (AC +1)


Message History

a +0 halberd; a gnoll corpse You start resting.
Magic restored.
You start resting.
HP restored.
(D) Dungeon
Where to? (Enter - D:2, ? - help)
There is an open door here.
There is a stone staircase leading down here.
You climb downwards.
There is a stone staircase leading up, spattered with blood here.
Sigmund the Dreaded comes into view.
He is wielding a +0 scythe.
Sigmund points at you and mumbles some strange words.
You are confused.
You see here a ring of positive energy.
g - a ring of positive energy
a - a ring of protection from cold (left claw)
g - a ring of positive energy (right claw) Sigmund casts a spell at you.
The magic dart hits you!
You're too confused to move!
You feel less confused. Sigmund gestures at you while chanting.
The magic dart hits you.
You scratch Sigmund.
Sigmund is lightly wounded.
Sigmund barely misses you.
You closely miss Sigmund.
Sigmund is lightly wounded.
Sigmund gestures wildly while chanting.
Sigmund flickers and vanishes!
Deactivating autopickup; reactivate with Ctrl-A.
You closely miss something. Your claw misses something. You miss something.
Something hits you!
You miss something. Something hits you!
You barely miss something. You closely miss something. Something hits you!
* * * LOW HITPOINT WARNING * * *
Something hits you!
You die...

#.# ##.. #..
####.####
#.......#
#.......#
#.......#
#...@...#
#.......##
#..{......#
#.......#...
#.......# #.
#...(...#
#.........
###.##.....
... .#...


There were no monsters in sight!

Vanquished Creatures
  3 gnolls (D:1)
  3 dart slugs (D:1)
  3 endoplasms (D:1)
  2 goblins (D:1)
  5 hobgoblins (D:1)
  A quokka (D:1)
  5 ball pythons
  4 bats
  4 kobolds (D:1)
  A rat (D:1)
31 creatures vanquished.

Notes
Turn   | Place    | Note
-------+----------+-------------------------------------------
     0 | D:1      | a3don the Troll Earth Elementalist began the quest for the
                  | Orb.
     0 | D:1      | Reached XP level 1. HP: 16/16 MP: 1/1
    92 | D:1      | Reached XP level 2. HP: 26/26 MP: 2/2
   107 | D:1      | Reached skill level 1 in Unarmed Combat
   354 | D:1      | Reached skill level 1 in Fighting
   473 | D:1      | Reached XP level 3. HP: 33/33 MP: 3/3
   703 | D:2      | Noticed Sigmund
   720 | D:2      | HP: 1/33 [something (12)]
   721 | D:2      | Mangled by Sigmund

Illustrated notes

Levels and vault maps discovered:
D:1:      amcnicky_arrival_choice, layout_basic, minmay_pentomino_o2
D:2:      layout_rooms, basic_altar, minmay_goblin_kobold_house, uniq_sigmund,
          uniq_natasha, uniq_terence, uniq_robin

Skill      XL: |  1  2 |
---------------+-------+-----
Unarmed Combat | 1 |  1.9
Dodging        | 2 |  2.3
Fighting       | 1 |  1.4
Stealth        | |  1.0
Spellcasting   | |  1.2
Transmutations | |  0.6
Earth Magic    | |  2.6

Action                   || total
-------------------------++-------
Melee: Unarmed           ||    84
       Punch             ||     1
 Cast: Sandblast         ||     5
 Stab: Sleeping          ||     2
Armor: Robe              ||    23
Dodge: Dodged            ||    43

Table legend: (Time is in decaauts)
 A = Elapsed time spent in this place.
 B = Non-inter-level travel time spent in this place.
 C = Inter-level travel time spent in this place.
 D = Time resting spent in this place.
 E = Time spent auto-exploring this place.
 F = Levels seen in this place.
 G = Mean time per level.
                   A        B        C        D        E       F      G
               +--------+--------+--------+--------+--------+-----+--------+
         Total |    718 |    646 |     72 |     20 |    418 |   2 |  359.0 |
       Dungeon |    718 |    646 |     72 |     20 |    418 |   2 |  359.0 |
               +--------+--------+--------+--------+--------+-----+--------+

Top non-repeatable levels by time:
     D:1: 694 daAuts
     D:2: 23 daAuts
